AoeStats
← MiNaToS 4to

Arena

510313706Analyzed
2v2 RM · 2d ago on Sep 30, 2026· 39m 12s· 4 players
Game mode
Random Map
Map size
Medium (4 player)
Population
200
Speed
Normal
Resources
Standard
Victory
Conquest
Starting age
Dark Age
Ending age
Imperial Age
RankedLock teamsTeams togetherTeam positionsShared explorationLock speedFull tech treeHidden civsTurbo modeCheats
Victory
Defeat
🇮🇹 Burmese · Italy
1346
+15
🇦🇷 Poles · Argentina
1295
+17
🇳🇱 Lithuanians · Netherlands
1323
-16
🇳🇱 Ethiopians · Netherlands
1322
-16
MiNaToS 4to
6:01 Loom
8:19 Feudal Age
9:09 Double-Bit Axe
10:46 Loom
11:28 Fletching
14:19 Horse Collar
19:31 Castle Age
21:57 Bow Saw
24:20 Town Watch
25:03 Heavy Plow
27:09 Wheelbarrow
31:02 Imperial Age
29:07 Light Cavalry
31:04 Hand Cart
31:25 Bloodlines
31:20 Husbandry
31:51 Scale Barding Armor
33:20 Chain Barding Armor
33:40 Forging
34:22 Winged Hussar
35:51 Conscription
36:59 Iron Casting
39:19 Blast Furnace
39:30 Lechitic Legacy
Tattico87
10:22 Feudal Age
14:34 Castle Age
12:47 Horse Collar
13:00 Gold Mining
14:20 Loom
15:53 Gold Shaft Mining
16:26 Heavy Plow
17:28 Sanctity
19:01 Scale Mail Armor
19:32 Redemption
29:46 Imperial Age
27:21 Fletching
27:32 Padded Archer Armor
30:23 Imperial Age
28:50 Wheelbarrow
28:21 Bodkin Arrow
29:35 Ballistics
30:56 Chain Mail Armor
30:03 Elite Skirmisher
30:39 Pikeman
32:23 Chemistry
31:04 Treadmill Crane
31:55 Bracer
32:31 Halberdier
33:23 Forging
36:54 Plate Mail Armor
37:00 Iron Casting
37:13 Squires
39:08 Stone Mining
40:31 Blast Furnace
UnkyUnknown
7:23 Loom
10:44 Feudal Age
14:51 Castle Age
14:05 Fletching
15:05 Crossbowman
17:34 Horse Collar
20:21 Bodkin Arrow
27:58 Padded Archer Armor
28:06 Gold Mining
28:03 Double-Bit Axe
31:55 Imperial Age
33:37 Chemistry
32:58 Ballistics
32:01 Arbalester
34:17 Wheelbarrow
33:28 Town Watch
34:43 Thumb Ring
39:07 Hand Cart
wouter372
9:45 Feudal Age
9:17 Loom
14:53 Castle Age
13:27 Double-Bit Axe
24:27 Gold Mining
25:42 Light Cavalry
26:59 Forging
28:44 Town Watch
29:26 Bloodlines
29:53 Bow Saw
31:07 Iron Casting
36:20 Imperial Age
34:26 Wheelbarrow
35:03 Scale Barding Armor
36:16 Chain Barding Armor
36:28 Cavalier
38:22 Husbandry
39:39 Plate Barding Armor
Connection lost

Rejoining the realm…

Still unreachable

The connection could not be restored.

Session expired

The server has moved on; the page needs a fresh start.